 Dungeon Crawl Stone Soup version 0.28.0-43-g3370ac3207 (webtiles) character file.

Game seed: 14663781752297902836

1382 TheDeanity the Cudgeller (level 8, 0/79 HPs)
             Began as a Troll Fighter on Mar 16, 2022.
             Was a Believer of Okawaru.
             Slain by a hornet (7 damage)
             ... on level 7 of the Dungeon.
             The game lasted 00:17:55 (4456 turns).

TheDeanity the Cudgeller (Troll Fighter)            Turns: 4456, Time: 00:17:55

Health: 0/79       AC:  5    Str: 27    XL:     8   Next: 40%
Magic:  6/8        EV: 10    Int:  4    God:    Okawaru [**....]
Gold:   237        SH:  9    Dex:  9    Spells: 5/7 levels left

rFire   . . .      SeeInvis .     - Unarmed
rCold   . . .      Faith    .   c - +0 kite shield
rNeg    . . .      Spirit   .   b - +0 robe
rPois   .          Reflect  .   (helmet restricted)
rElec   .          Harm     .   r - +0 cloak
rCorr   .          Rampage  .   (gloves unavailable)
Will    .....                   (boots unavailable)
Stlth   +++.......              (no amulet)
HPRegen 1.03/turn               v - ring of wizardry
MPRegen 0.11/turn               (no ring)

@: mighty, lethally poisoned (0 -> -9), heroic, slowed, very slow
A: large, unfitting armour, claws 3, regeneration 1, shaggy fur 1, tough skin 1
a: Renounce Religion, Heroism


You were on level 7 of the Dungeon.
You worshipped Okawaru.
Okawaru was pleased with you.
You visited 1 branch of the dungeon, and saw 7 of its levels.

You collected 295 gold pieces.
You spent 58 gold pieces at shops.

Inventory:

Hand Weapons
 a - a +0 flail
Missiles
 g - 8 poisoned darts (quivered)
Armour
 b - a +0 robe (worn)
 c - a +0 kite shield (worn)
 r - a +0 cloak (worn)
Magical Staves
 h - a staff of earth
Jewellery
 v - a ring of wizardry (left claw)
Wands
 m - a wand of iceblast (2)
Scrolls
 f - a scroll of immolation
 k - a scroll of amnesia
 p - a scroll of magic mapping {unknown}
 q - 4 scrolls of teleportation
Potions
 d - 3 potions of might
 e - 4 potions of mutation
 i - 3 potions of curing
 j - a potion of brilliance {unknown}
 l - 2 potions of cancellation {unknown}
 n - a potion of attraction {unknown}
 o - a potion of flight {unknown}
 t - a potion of resistance {unknown}
 u - a potion of ambrosia {unknown}
 w - a potion of degeneration {unknown}
 x - a potion of heal wounds {unknown}
 z - 2 potions of invisibility {unknown}


   Skills:
 + Level 4.8(9.8) Fighting
 * Level 6.9(11.9) Maces & Flails
 - Level 3.2(8.2) Throwing
 - Level 2.4(7.4) Dodging
 - Level 2.4(7.4) Shields
 + Level 1.0 Transmutations
 + Level 1.2 Earth Magic
 + Level 2.2 Invocations


You had 5 spell levels left.
You knew the following spells:

 Your Spells              Type           Power      Damage    Failure   Level
a - Passwall              Tmut/Erth      0%         N/A       41%         2

Your spell library contained the following spells:

 Spells                   Type           Power      Damage    Failure   Level
 Ensorcelled Hibernation  Hex/Ice        0%         N/A       54%         2
 Swiftness                Air            0%         N/A       77%         3


Dungeon Overview and Level Annotations

Branches:
Dungeon (8/15)
 Temple: D:4-7         Lair: D:8-11

Altars:
Dithmenos
Nemelex Xobeh
Okawaru
Qazlal
Ru
Trog
Vehumet
Wu Jian
Xom
Yredelemnul
Zin
The Shining One

Shops:
D:4 [:

Annotations:
D:2 1 runed translucent door, exclusion: door, Crazy Yiuf


Innate Abilities, Weirdness & Mutations

You are too large for most types of armour.
You have claws for hands.
Your natural rate of healing is unusually fast.
You are covered in fur. (AC +1)
You have tough skin. (AC +1)


Message History

The steam dragon scales are intact enough to wear.
Your Transmutations skill increases to level 1!
Your Earth Magic skill increases to level 1!
Okay, then.
Okay, then.
You feel very mighty all of a sudden. You block the hornet's attack.
You gain the combat prowess of a mighty hero.
You block the hornet's attack.
Okay, then.
You scratch the hornet.
The hornet is lightly wounded.
The hornet closely misses you. The hornet stings you!
You feel yourself slow down.
You claw the hornet!
The hornet is heavily wounded.
You feel yourself speed up. You block the hornet's attack.
A wyvern skeleton comes into view.
The hornet stings you!
You feel yourself slow down.
You miss the hornet.
The hornet is heavily wounded.
You feel yourself speed up. You block the hornet's attack.
The wyvern skeleton bites you but does no damage.
The hornet stings you.
You are poisoned.
You feel yourself slow down. You block the wyvern skeleton's attack.
You claw the hornet!
The hornet is severely wounded.
You feel yourself speed up.
You feel very sick. The hornet closely misses you.
The wyvern skeleton bites you!
* * * LOW HITPOINT WARNING * * *
The hornet stings you!
* * * LOW HITPOINT WARNING * * *
You are lethally poisoned!
You feel yourself slow down. The wyvern skeleton barely misses you.
The hornet stings you!
You die...

#.. #.# #.# #.#
#.# ### #.#
##.##
####.####...##
###......>.@...#
#......####yZ.##
#.#.#### ##.## #
.... .ยง.###
#...# .....
...D.. .......


You could see a hornet and a wyvern skeleton.

Vanquished Creatures
  A steam dragon (D:7)
  An ice beast (D:5)
  A sky beast (D:5)
  An orc warrior (D:8)
  2 ogres (D:4)
  A bullfrog (D:4)
  A scorpion (D:4)
  A jelly (D:8)
  2 orc priests
  2 centaur skeletons
  A bullfrog skeleton (D:4)
  3 iguanas
  Ijyb (D:3)
  Natasha (thrice) (D:2)
  4 orc wizards
  A hound zombie (D:5)
  A hound skeleton (D:4)
  2 gnolls (D:5)
  4 adders
  A white imp (D:5)
  An adder skeleton (D:5)
  3 worms
  3 dart slugs
  22 orcs
  5 bats
  8 endoplasms
  2 giant cockroaches
  16 goblins
  7 hobgoblins
  2 jackals (D:1)
  A quokka (D:3)
  8 ball pythons
  2 frilled lizards
  9 kobolds
  4 rats
127 creatures vanquished.

Vanquished Creatures (others)
  A hobgoblin (D:3)
1 creature vanquished.

Grand Total: 128 creatures vanquished

Notes
Turn   | Place    | Note
-------+----------+-------------------------------------------
     0 | D:1      | TheDeanity the Troll Fighter began the quest for the Orb.
     0 | D:1      | Reached XP level 1. HP: 22/22 MP: 0/0
    14 | D:1      | Reached skill level 2 in Maces & Flails
    97 | D:1      | Reached XP level 2. HP: 26/29 MP: 1/1
   705 | D:2      | Reached XP level 3. HP: 24/36 MP: 2/2
   798 | D:2      | Reached skill level 3 in Maces & Flails
   902 | D:2      | Reached XP level 4. HP: 45/45 MP: 3/3
   906 | D:2      | Reached skill level 1 in Throwing
  1164 | D:2      | Found a runed translucent door.
  1165 | D:2      | Noticed Crazy Yiuf
  1234 | D:3      | Noticed Natasha
  1254 | D:2      | Killed Natasha
  1278 | D:2      | Found a runed translucent door.
  1543 | D:2      | Noticed Natasha
  1548 | D:2      | Killed Natasha
  1549 | D:2      | Reached XP level 5. HP: 49/53 MP: 4/4
  1609 | D:2      | Noticed Natasha
  1616 | D:2      | Killed Natasha
  1728 | D:3      | Found an iron altar of Okawaru.
  1744 | D:3      | Reached skill level 4 in Maces & Flails
  1785 | D:3      | Noticed Ijyb
  1803 | D:3      | Killed Ijyb
  1908 | D:3      | Became a worshipper of Warmaster Okawaru
  2045 | D:3      | Reached XP level 6. HP: 35/61 MP: 5/5
  2183 | D:4      | Found Homemnon's Self-Improvement Boutique.
  2216 | D:4      | Found Abrisere's Armour Shop.
  2246 | D:4      | Reached skill level 5 in Maces & Flails
  2275 | D:4      | Reached XP level 7. HP: 37/70 MP: 6/6
  2366 | D:4      | Bought a +0 cloak for 58 gold pieces
  2683 | D:4      | Reached * piety under Okawaru
  2793 | D:4      | Found an ornate altar of the Wu Jian Council.
  2795 | D:4      | Found a radiant altar of Vehumet.
  2796 | D:4      | Found a sparkling altar of Nemelex Xobeh.
  2802 | D:4      | Found a basalt altar of Yredelemnul.
  2803 | D:4      | Found a stormy altar of Qazlal.
  2806 | D:4      | Found a shimmering altar of Xom.
  2807 | D:4      | Found a glowing golden altar of the Shining One.
  2807 | D:4      | Found a bloodstained altar of Trog.
  2812 | D:4      | Found a glowing silver altar of Zin.
  2813 | D:4      | Found a shadowy altar of Dithmenos.
  2996 | D:5      | Entered Level 5 of the Dungeon
  3690 | D:5      | Reached skill level 6 in Maces & Flails
  3690 | D:5      | Reached skill level 1 in Invocations
  3860 | D:5      | Reached XP level 8. HP: 61/79 MP: 6/8
  4042 | D:5      | You fall into a shaft and drop 3 floors!
  4042 | D:8      | Found a sacrificial altar of Ru.
  4054 | D:8      | Learned a level 2 spell: Passwall
  4447 | D:7      | Noticed a hornet
  4450 | D:7      | Reached ** piety under Okawaru
  4451 | D:7      | Reached skill level 1 in Transmutations
  4451 | D:7      | Reached skill level 1 in Earth Magic
  4456 | D:7      | Slain by a hornet

Illustrated notes

Levels and vault maps discovered:
D:1:      heliophobic_arrival_enchanted_forest, layout_rooms,
          shapermc_ecumenical_altar_petra, minmay_misc_feat_diagonals
D:2:      layout_loops_ring, uniq_crazy_yiuf_cottage
D:3:      layout_basic, okawaru_metal_pillars_1_2, uniq_natasha, uniq_ijyb
D:4:      layout_rooms, nicolae_overflow_hallway_of_the_gods, serial_shops,
          nicolae_shop_hallway_stairs, nicolae_shop_self_help
D:5:      corexii_shantytown, layout_basic, ebering_ghost_reflecting_pool,
          minmay_misc_feat_cross, dk_vineyard_1, kennysheep_flooded_box
D:7:      layout_loops_ring, minmay_temple_entry_sparse_star,
          minmay_misc_feat_columns, kennysheep_opposing_triangles
D:8:      kennysheep_big_flooded_room, layout_rooms,
          mainiacjoe_overflow_boulevard, serial_glass, glass_columns_a,
          glass_columns_a, item_on_display_a, feat_on_display

Skill      XL: |  1  2  3  4  5  6  7  8 |
---------------+-------------------------+-----
Maces & Flails | 2 3 4 5 6 |  6.9
Fighting       | 3 4 |  4.8
Throwing       | 1 2 3 |  3.2
Invocations    | 1 2 |  2.2
Transmutations | 1 |  1.0
Earth Magic    | 1 |  1.2
Dodging        | |  2.4
Shields        | |  2.4

Action                   |  1- 3 |  4- 6 |  7- 9 || total
-------------------------+-------+-------+-------++-------
Melee: Unarmed           |   111 |   159 |   270 ||   540
Throw: Dart              |       |    25 |    38 ||    63
Invok: Heroism           |       |       |     1 ||     1
Evoke: Wand              |       |       |     2 ||     2
  Use: Scroll            |       |       |     6 ||     6
       Potion            |       |       |     1 ||     1
Armor: Robe              |    49 |    44 |    87 ||   180
Dodge: Dodged            |    32 |    58 |    69 ||   159
Block: Kite shield       |    48 |    73 |    83 ||   204
